 Dungeon Crawl Stone Soup version 0.21.1-1-g345015f (webtiles) character file.

12092 troglodite the Protected (level 11, -1/87 HPs)
             Began as a Demonspawn Berserker on May 18, 2018.
             Was a High Priest of Trog.
             Killed from afar by an electric eel (10 damage)
             ... with a bolt of electricity
             ... on level 10 of the Dungeon.
             The game lasted 00:28:09 (11608 turns).

troglodite the Protected (Demonspawn Berserker)    Turns: 11608, Time: 00:28:09

Health: -1/87      AC: 23    Str: 17    XL:     11   Next: 57%
Magic:  11/11      EV: 10    Int:  9    God:    Trog [*****.]
Gold:   392        SH:  4    Dex: 16    Spells: 10/10 levels left

rFire    . . .     SeeInvis .   o - +3 hand axe (flame)
rCold    . . .     Gourm    .   J - +0 buckler
rNeg     + . .     Faith    .   d - +0 chain mail
rPois    +         Spirit   .   w - +0 helmet
rElec    .         Reflect  .   j - +1 cloak {rPois}
rCorr    .         Harm     .   B - +0 pair of gloves
MR       .....                  A - +0 pair of boots
Stlth    ++........             (no amulet)
HPRegen  0.24/turn              C - +3 ring of protection
MPRegen  0.12/turn              G - ring of positive energy

@: no status effects
A: claws 2, molten scales 2, nightstalker 2
a: Berserk, Trog's Hand, Brothers in Arms, Burn Spellbooks, Renounce Religion


You were on level 10 of the Dungeon.
You worshipped Trog.
Trog was extremely pleased with you.
You were not hungry.

You visited 1 branch of the dungeon, and saw 10 of its levels.

You collected 392 gold pieces.

Inventory:

Hand Weapons
 a - a +0 falchion
 o - a +3 hand axe of flaming (weapon)
Armour
 d - a +0 chain mail (worn)
 j - a +1 cloak of poison resistance (worn)
 w - a +0 helmet (worn)
 A - a +0 pair of boots (worn)
 B - a +0 pair of gloves (worn)
 J - a +0 buckler (worn)
Jewellery
 b - an uncursed ring of fire
 f - a +3 ring of strength
 C - a +3 ring of protection (left hand)
 G - a ring of positive energy (right hand)
Wands
 m - a wand of polymorph (11)
 D - a wand of acid (8)
 F - a wand of random effects (20)
Scrolls
 e - 5 scrolls of teleportation
 g - a scroll of fear
 h - a scroll of remove curse
 k - a scroll of brand weapon {unknown}
 l - a scroll of torment {unknown}
 p - 2 scrolls of random uselessness {unknown}
 t - a scroll of enchant weapon
 u - a scroll of holy word {unknown}
 y - a scroll of magic mapping {unknown}
 E - a scroll of acquirement {unknown}
Potions
 i - 3 potions of lignification
 n - a potion of flight
 q - 3 potions of might
 r - 3 potions of curing
 s - a potion of cancellation
 v - 2 potions of heal wounds
 x - a potion of berserk rage {unknown}
 z - a potion of ambrosia {unknown}
 H - a potion of brilliance {unknown}
Comestibles
 c - 23 rations


   Skills:
 * Level 8.8 Fighting
 + Level 3.9 Long Blades
 + Level 9.1 Axes
 * Level 9.2 Armour
 * Level 7.0 Dodging
 * Level 4.6 Stealth
 * Level 0.1 Shields


You had 10 spell levels left.
You didn't know any spells.

Dungeon Overview and Level Annotations

Branches:
Dungeon (10/15)            Temple (0/1) D:5            Lair (0/6) D:9
    Orc: D:9-12

Altars:
Sif Muna
The Shining One

Shops:
D:7 (   D:9 *


Innate Abilities, Weirdness & Mutations

You have very sharp fingernails.
You are mostly covered in molten scales. (AC +3)
You are significantly more attuned to the shadows.


Message History

Trog accepts your kill.
The electric eel shoots out a bolt of lightning at you!
The bolt of electricity hits you!
The bolt of electricity hits the plant.
The electric eel shoots out a bolt of lightning at you!
The bolt of electricity hits the electric eel.
The electric eel completely resists.
The bolt of electricity hits you!
* * * LOW HITPOINT WARNING * * *
The bolt of electricity hits the plant.
The electric eel shoots out a bolt of lightning at you!
The bolt of electricity hits you!
* * * LOW HITPOINT WARNING * * *
The bolt of electricity hits the plant.
Things that are here:
an electric eel corpse; an orc corpse The electric eel shoots out a bolt of lightning at you!
The bolt of electricity hits you!
* * * LOW HITPOINT WARNING * * *
The electric eel shoots out a bolt of lightning at you!
The bolt of electricity hits you!
You die...

♣♣PPP≈P≈≈≈≈≈
≈≈P≈≈≈≈≈≈≈≈≈≈≈
♣♣P≈≈♣P≈≈≈≈≈≈≈
#≈♣P≈P≈≈♣≈≈≈≈≈
#.≈≈P≈≈≈P≈≈≈≈≈
#...♣;♣≈♣≈;P≈≈≈≈
≈≈≈ #....♣♣P;♣♣≈
PP≈≈ ≈P≈ ≈≈
#.)....P♣≈♣
P≈;≈♣♣≈♣♣♣≈#
#..).....@#
;P♣;;....#
#.).......#
#.......#
#.........# ...
#.......#
#........)# ...
#.......#.
#.......))#....
#......<#.
#........(#....
#######'#.
#.........'....
#.........
#.........#....
#.........
#.#######(#....
#........†


You could see an electric eel.

Vanquished Creatures
  3 two-headed ogres
  A death yak (D:9)
  Pikel (D:6)
  Maurice (D:8)
  Joseph (D:8)
  A hornet (D:7)
  2 hippogriffs
  A wyvern (D:10)
  2 yaks
  3 hogs (D:8)
  A human (D:8)
  A hungry ghost (D:6)
  Menkaure (D:5)
  A water moccasin (D:7)
  2 orc warriors (D:9)
  3 ice beasts
  3 phantoms
  3 sky beasts
  2 black bears
  2 slaves (D:6)
  A necrophage (D:10)
  3 ogres
  4 centaurs
  A crocodile (D:10)
  An eye of draining (D:9)
  7 bullfrogs
  A scorpion (D:9)
  10 killer bees (D:10)
  4 electric eels (D:10)
  4 howler monkeys
  3 centaur zombies
  3 crimson imps
  A bullfrog zombie (D:5)
  A quasit (D:10)
  3 jellies
  A centaur skeleton (D:5)
  3 hounds
  3 orc priests (D:9)
  8 orc wizards
  2 iguanas
  8 worker ants
  2 hound skeletons
  A howler monkey zombie (D:6)
  A howler monkey skeleton (D:4)
  7 adders
  6 shadow imps
  2 oozes
  2 adder skeletons
  4 worms
  2 dart slugs
  9 leopard geckos
  36 orcs
  2 bats (D:3)
  8 giant cockroaches
  9 hobgoblins
  8 jackals
  5 quokkas
  4 frilled lizards
  6 goblins
  A jackal zombie (D:5)
  8 kobolds
  7 rats
237 creatures vanquished.

Vanquished Creatures (collateral kills)
  4 death yaks (D:9)
  A yak (D:9)
5 creatures vanquished.

Vanquished Creatures (others)
  3 plants (D:10)
3 creatures vanquished.

Grand Total: 245 creatures vanquished

Notes
Turn   | Place    | Note
-------+----------+-------------------------------------------
     0 | D:1      | troglodite the Demonspawn Berserker began the quest for the Orb.
     0 | D:1      | Reached XP level 1. HP: 18/18 MP: 1/1
   176 | D:1      | Gained mutation: You are partially covered in molten scales. (AC +2) [demonic ancestry]
   176 | D:1      | Reached XP level 2. HP: 24/24 MP: 2/2
   378 | D:1      | Reached ** piety under Trog
   384 | D:1      | Reached XP level 3. HP: 22/29 MP: 3/3
   590 | D:2      | Found a glowing golden altar of the Shining One.
  1413 | D:3      | Gained mutation: You have sharp fingernails. [demonic ancestry]
  1413 | D:3      | Reached XP level 4. HP: 24/36 MP: 4/4
  1675 | D:3      | Found a faded altar of an unknown god.
  2100 | D:3      | Gained mutation: You have very sharp fingernails. [demonic ancestry]
  2100 | D:3      | Reached XP level 5. HP: 35/42 MP: 5/5
  3025 | D:4      | Reached skill level 1 in Axes
  3084 | D:4      | Noticed an ogre
  3090 | D:4      | Killed an ogre
  3090 | D:4      | Reached XP level 6. HP: 47/48 MP: 6/6
  3403 | D:5      | Entered Level 5 of the Dungeon
  3458 | D:5      | Noticed a sky beast
  3485 | D:5      | Killed a sky beast
  3485 | D:5      | Gained mutation: You are mostly covered in molten scales. (AC +3) [demonic ancestry]
  3485 | D:5      | Reached XP level 7. HP: 31/55 MP: 7/7
  3604 | D:5      | Found a staircase to the Ecumenical Temple.
  3911 | D:5      | Noticed Menkaure
  3915 | D:5      | Killed Menkaure
  3915 | D:5      | Reached *** piety under Trog
  4697 | D:5      | Gained mutation: You are slightly more attuned to the shadows. [demonic ancestry]
  4697 | D:5      | Reached XP level 8. HP: 56/61 MP: 8/8
  4904 | D:6      | Reached skill level 5 in Fighting
  4904 | D:6      | Reached skill level 5 in Armour
  5410 | D:6      | Noticed Pikel
  5420 | D:6      | Killed Pikel
  5420 | D:6      | Reached skill level 5 in Axes
  5728 | D:6      | Reached skill level 1 in Stealth
  5780 | D:6      | Reached XP level 9. HP: 57/69 MP: 9/9
  5884 | D:6      | Reached **** piety under Trog
  6343 | D:7      | Reached skill level 5 in Dodging
  6865 | D:7      | Found Wimoit's Antique Weapon Boutique.
  7021 | D:8      | You fall through a shaft for 2 floors!
  7021 | D:10     | Entered Level 10 of the Dungeon
  7296 | D:9      | Reached ***** piety under Trog
  7352 | D:9      | Noticed a two-headed ogre
  7360 | D:9      | Killed a two-headed ogre
  7360 | D:9      | Gained mutation: You are significantly more attuned to the shadows. [demonic ancestry]
  7360 | D:9      | Reached XP level 10. HP: 79/79 MP: 10/10
  7514 | D:8      | Noticed Joseph
  7547 | D:8      | Killed Joseph
  7691 | D:8      | Noticed Maurice
  7798 | D:8      | Noticed a two-headed ogre
  7807 | D:8      | Killed a two-headed ogre
  7888 | D:8      | Killed Maurice
  8877 | D:9      | Noticed a death yak
  8878 | D:9      | Noticed a death yak
  8878 | D:9      | Noticed a death yak
  8879 | D:9      | Found a staircase to the Lair.
  8879 | D:9      | Noticed a death yak
  8879 | D:9      | Noticed a death yak
  9032 | D:9      | Killed a death yak
  9035 | D:9      | Killed a death yak
  9039 | D:9      | Killed a death yak
  9039 | D:9      | Reached XP level 11. HP: 86/86 MP: 11/11
  9043 | D:9      | Killed a death yak
  9050 | D:9      | Killed a death yak
  9414 | D:9      | Noticed a two-headed ogre
  9431 | D:9      | Killed a two-headed ogre
  9633 | D:9      | Found Funorchu's General Store.
  9868 | D:9      | Found a deep blue altar of Sif Muna.
 10735 | D:10     | Found a glowing golden altar of the Shining One.
 11608 | D:10     | Killed from afar by an electric eel

Skill      XL: |  1  2  3  4  5  6  7  8  9 10 11 |
---------------+----------------------------------+-----
Dodging        | 2 3 4 5 6 7 |  7.0
Long Blades    | 3 |  3.9
Armour         | 2 3 4 6 7 8 9 |  9.2
Fighting       | 4 5 7 8 |  8.8
Axes           | 1 2 3 5 7 8 9 |  9.1
Stealth        | 1 2 3 4 |  4.6
Shields        | |  0.1

Action                   |  1- 3 |  4- 6 |  7- 9 | 10-12 || total
-------------------------+-------+-------+-------+-------++-------
Melee: Falchion          |   104 |    32 |       |       ||   136
       Hand axe          |       |   107 |   340 |   460 ||   907
Invok: Berserk           |     2 |     2 |     8 |     9 ||    21
       Burn Spellbooks   |       |       |     4 |       ||     4
       Brothers in Arms  |       |       |       |     2 ||     2
  Use: Scroll            |       |       |    10 |     3 ||    13
 Stab: Sleeping          |       |       |     5 |       ||     5
       Distracted        |       |       |       |     1 ||     1
  Eat: Chunk             |     3 |     8 |    17 |    22 ||    50
       Ration            |       |       |     2 |     1 ||     3
Armor: Animal skin       |    17 |       |       |       ||    17
       Ring mail         |    25 |    47 |   117 |       ||   189
       Chain mail        |       |       |       |   243 ||   243
       Plate armour      |       |       |       |    18 ||    18
Dodge: Dodged            |    70 |    79 |   230 |   195 ||   574
Block: Buckler           |       |       |       |     3 ||     3
       Rpst.: Falchion   |    23 |     2 |       |       ||    25
